Cogmind - Beta 17.1 @@@ ROGUE MODE // 2026.09.09 @ 23:56:11 Player: McSaucyNugget Result: Destroyed by G-50 Soldier with Heavy Laser Performance ------------- Evolutions (2) 1000 Regions Visited (6) 1200 Robots Destroyed (0) 0 Value Destroyed (0) 0 Prototype IDs (0) 0 Alien Tech Used (0) 0 Bonus (670) 670 TOTAL SCORE: 2870 Bonus ------- Pacifist 470 Entered Garrisons 200 Cogmind --------- Core Integrity 0/550 Matter 300/300 Energy 99/100 System Corruption 5% Temperature Cool (27) Movement Core (50) Location -8/Storage Parts ------- > --- POWER (1) -------- (None) > --- PROPULSION (2) --- (None) > --- UTILITY (6) ------ (None) > --- WEAPON (2) ------- (None) > --- INVENTORY (5) ---- Cesium-ion Thruster High-capacity Matter Pod (200) Datajack Improved Datajack Peak State ------------ > --- POWER ------------ (None) > --- PROPULSION ------- Advanced Treads Cesium-ion Thruster > --- UTILITY ---------- Improved Targeting Computer > --- WEAPON ----------- (None) > --- INVENTORY -------- High-capacity Matter Pod Datajack Improved Datajack [Rating: 8] Favorites ----------- Power None Propulsion Light Treads Treads Light Treads Flight Unit Cesium-ion Thruster Utility Improved Targeting Computer Processor Improved Targeting Computer Weapon Maul Impact Weapon Maul Build | -11 -10 -9 -8 -8 -8 -8 ------- Run | Yrd Mat Mat Mat Gar Mat Sto Slots Evolved 4 | . . 2 2 . . . Power . | . . . . . . . Propulsion . | . . . . . . . Utility 4 | . . 2 2 . . . Weapon . | . . . . . . . Parts Attached 6 | 2 . 1 1 1 1 . Power . | . . . . . . . Engine . | . . . . . . . Core . | . . . . . . . Reactor . | . . . . . . . Propulsion 4 | 2 . . . 1 1 . Treads 3 | 2 . . . 1 . . Leg . | . . . . . . . Wheel . | . . . . . . . Hover . | . . . . . . . Flight 1 | . . . . . 1 . Utility 1 | . . . 1 . . . Device . | . . . . . . . Storage . | . . . . . . . Processor 1 | . . . 1 . . . Hackware . | . . . . . . . Protection . | . . . . . . . Artifact . | . . . . . . . Weapon 1 | . . 1 . . . . Energy Gun . | . . . . . . . Energy Cannon . | . . . . . . . Ballistic Gun . | . . . . . . . Ballistic Cannon . | . . . . . . . Launcher . | . . . . . . . Special Weapon . | . . . . . . . Impact Weapon 1 | . . 1 . . . . Slashing Weapon . | . . . . . . . Piercing Weapon . | . . . . . . . Special Melee Weapon . | . . . . . . . Unidentified Prototypes . | . . . . . . . Parts Lost 5 | . . . 2 1 . 2 Power . | . . . . . . . Propulsion 3 | . . . 2 . . 1 Utility 1 | . . . . . . 1 Weapon 1 | . . . . 1 . . Highest Loss Streak 2 | . . . 2 1 . 2 To Critical Strikes . | . . . . . . . Average Backups 2 | . . 1 2 2 3 4 Power . | . . . . . . . Propulsion . | . . . . . . 1 Utility . | . . . 1 1 1 1 Weapon . | . . . . . . . Tool/Special . | . . . . . . . Unused Backups 3 | . . . . . . 3 Power . | . . . . . . . Propulsion . | . . . . . . . Utility 1 | . . . . . . 1 Weapon . | . . . . . . . Tool/Special 2 | . . . . . . 2 Average Slot Usage (%) 23 | . 28 31 28 18 18 16 Treads 13 | . 28 22 16 2 9 9 Processor 4 | . . . 2 9 9 7 Impact Weapon 5 | . . 9 9 7 . . Peak Build Rating 8 | 2 2 4 6 7 8 5 Average Rating 3 | 1 2 3 4 4 5 4 On Entrance 3 | . 2 2 4 4 5 5 Avg Prop Armor Cover (%) 36 | 41 41 37 36 33 34 34 Naked Turns 4 | . . . . . . 4 Heaviest Build 3 | . . 3 3 3 . . Greatest Support 22 | 20 3 3 3 22 3 3 Greatest Overweight (x) . | . . . . . . . Average Overweight (x) . | . . . . . . . Largest Inventory Capacity 5 | 5 5 5 5 5 5 5 Average Capacity 5 | 5 5 5 5 5 5 5 Most Carried 4 | . . 2 3 3 4 4 Average Carried 2 | . . 1 2 2 3 4 Final Capacity 5 | 5 5 5 5 5 5 5 Final Carried 4 | . . 2 3 2 4 4 Class Distribution -------------------- 100% | Mutant Dominant Class ---------------- Mutant | -10/Materials Mutant | -9/Materials Mutant | -8/Materials Mutant | -8/Garrison Mutant | -8/Materials Mutant | -8/Storage Resources | -11 -10 -9 -8 -8 -8 -8 ----------- Run | Yrd Mat Mat Mat Gar Mat Sto Matter Collected 427 | 207 . . . . 219 1 Remotely . | . . . . . . . Salvage Created . | . . . . . . . Parts . | . . . . . . . Haulers Intercepted . | . . . . . . . Recyclers Shooed . | . . . . . . . Parts Field Recycled . | . . . . . . . Retrieved Matter . | . . . . . . . Parts Self-Destructed . | . . . . . . . Prevented . | . . . . . . . Parts Restored . | . . . . . . . Kills | -11 -10 -9 -8 -8 -8 -8 ------- Run | Yrd Mat Mat Mat Gar Mat Sto Combat Hostiles Destroyed . | . . . . . . . Classes Destroyed . | . . . . . . . Best Kill Streak . | . . . . . . . Combat Bots Only . | . . . . . . . Max Kills in Single Turn . | . . . . . . . Gunslinging . | . . . . . . . Exploded . | . . . . . . . Melee . | . . . . . . . Uniques/NPCs Destroyed . | . . . . . . . Combat | -11 -10 -9 -8 -8 -8 -8 -------- Run | Yrd Mat Mat Mat Gar Mat Sto Hostile Shots Fired 161 | . 12 13 46 75 1 14 Missed 60 | . 6 3 17 28 . 6 Hits 101 | . 6 10 29 47 1 8 Melee 1 | . . . . 1 . . Projectile 100 | . 6 10 29 46 1 8 Critical Strikes 1 | . . . . . . 1 Damage Taken 1194 | . 54 159 342 416 48 175 Core 589 | . 10 18 151 285 48 77 Absorbed by Shields 34 | . . . . 34 . . Core Remaining (%) 97 | 100 96 95 . . . . Volleys Fired . | . . . . . . . Largest . | . . . . . . . Hottest . | . . . . . . . Shots Fired . | . . . . . . . Gun . | . . . . . . . Cannon . | . . . . . . . Launcher . | . . . . . . . Special . | . . . . . . . Kinetic . | . . . . . . . Thermal . | . . . . . . . Explosive . | . . . . . . . Electromagnetic . | . . . . . . . Robot Hit Streak . | . . . . . . . Robot Miss Streak . | . . . . . . . Penetration Max . | . . . . . . . Secondary Targets . | . . . . . . . Shots Hit Robots . | . . . . . . . Core Hits . | . . . . . . . Critical Kills . | . . . . . . . Critical Parts Destroyed . | . . . . . . . Critical Strikes . | . . . . . . . Melee Attacks 3 | . . . . 3 . . Impact 3 | . . . . 3 . . Slashing . | . . . . . . . Piercing . | . . . . . . . Sneak Attacks . | . . . . . . . Combat Hostiles . | . . . . . . . Follow-up Attacks . | . . . . . . . Damage Inflicted 30 | . . . 12 . . 18 Guns . | . . . . . . . Cannons . | . . . . . . . Explosions . | . . . . . . . Melee . | . . . . . . . Ramming 30 | . . . 12 . . 18 Kinetic . | . . . . . . . Thermal . | . . . . . . . Explosive . | . . . . . . . Electromagnetic . | . . . . . . . Impact . | . . . . . . . Slashing . | . . . . . . . Piercing . | . . . . . . . Highest Corruption 5 | . . . . . . 5 Average Corruption 5 | . . . . . . 5 Corruption Purged . | . . . . . . . Corruption Blocked . | . . . . . . . Overload Shots . | . . . . . . . Overflow Damage . | . . . . . . . Projectiles . | . . . . . . . Explosions . | . . . . . . . Melee . | . . . . . . . Knockbacks . | . . . . . . . Impact . | . . . . . . . Kinetic . | . . . . . . . Secondary . | . . . . . . . Self-Inflicted Damage 14 | . . . 6 . . 8 Shots . | . . . . . . . Rammed 7 | . 1 . 2 2 . 2 Targets Rammed 7 | . 1 . 2 2 . 2 Kicked . | . . . . . . . Crushed . | . . . . . . . Highest Temperature . | . . . . . . . Average Temperature . | . . . . . . . Received Heat Transfer 246 | . 6 36 90 33 . 81 Siege Activations . | . . . . . . . Martial Activations . | . . . . . . . Shielding Activations . | . . . . . . . Robots Disrupted . | . . . . . . . Combat Hostiles . | . . . . . . . Robots Corrupted . | . . . . . . . Combat Hostiles . | . . . . . . . Parts Fried . | . . . . . . . Impact Corruptions . | . . . . . . . Robots Melted . | . . . . . . . Combat Hostiles . | . . . . . . . Parts Melted . | . . . . . . . Heat Transferred . | . . . . . . . Parts Sabotaged . | . . . . . . . Parts Stolen . | . . . . . . . Parts Stripped . | . . . . . . . Power Chain Reactions . | . . . . . . . Alert | -11 -10 -9 -8 -8 -8 -8 ------- Run | Yrd Mat Mat Mat Gar Mat Sto Maximum Alert Level . | . . . . . . . Low Security (%) 100 | 100 100 100 100 100 100 100 Level 1 . | . . . . . . . Level 2 . | . . . . . . . Level 3 . | . . . . . . . Level 4 . | . . . . . . . Level 5 . | . . . . . . . High Security . | . . . . . . . Max Security . | . . . . . . . Peak Influence 51 | . . 15 . 51 29 17 Initial 24 | . . . . 2 24 11 Average 8 | . . 4 . 21 26 5 Influence Increases 99 | . . 15 4 59 15 6 Successful Hack 24 | . . . 4 14 . 6 Destroy Structure 15 | . . . . 15 . . Partial Spotted 30 | . . 15 . . 15 . Lose Combat Pursuer 30 | . . . . 30 . . Influence Decreases 99 | . . 15 . 12 37 35 Entered New Map 47 | . . . . 2 27 18 Time Decay 42 | . . 15 . . 10 17 Lost Part 10 | . . . . 10 . . Squads Dispatched 3 | . 1 . 1 . . 1 Investigation . | . . . . . . . Extermination . | . . . . . . . Reinforcement 3 | . 1 . 1 . . 1 Assault . | . . . . . . . Garrison . | . . . . . . . Intercept . | . . . . . . . Searches Triggered . | . . . . . . . Construction Impeded . | . . . . . . . Haulers Reinforced . | . . . . . . . Active Scanning Responses . | . . . . . . . Cargo Convoy Interrupts . | . . . . . . . Stealth | -11 -10 -9 -8 -8 -8 -8 --------- Run | Yrd Mat Mat Mat Gar Mat Sto Distress Signals 2 | . 1 . . . . 1 Communications Jammed . | . . . . . . . Distress Signals . | . . . . . . . Times Spotted 60 | . 10 2 16 17 1 14 Peak Tracking Total 18 | . 8 2 16 18 3 13 Tactical Retreats 1 | . . . . 1 . . Traps | -11 -10 -9 -8 -8 -8 -8 ------- Run | Yrd Mat Mat Mat Gar Mat Sto Traps Triggered 2 | . . . . 1 . 1 Indirectly . | . . . . . . . Trap Hack Attempts . | . . . . . . . Triggered . | . . . . . . . Disarmed . | . . . . . . . Reprogrammed . | . . . . . . . Reused . | . . . . . . . Traps Extracted . | . . . . . . . Installed . | . . . . . . . Triggered . | . . . . . . . Machines | -11 -10 -9 -8 -8 -8 -8 ---------- Run | Yrd Mat Mat Mat Gar Mat Sto Machines Disabled . | . . . . . . . Max in Single Turn . | . . . . . . . Machines Repaired . | . . . . . . . Machines Dismantled . | . . . . . . . Machines Sabotaged . | . . . . . . . Overloaded Fab Kills . | . . . . . . . Hacking | -11 -10 -9 -8 -8 -8 -8 --------- Run | Yrd Mat Mat Mat Gar Mat Sto Machines Accessed 4 | . . . 1 1 . 2 Terminals 3 | . . . . 1 . 2 Fabricators . | . . . . . . . Repair Stations . | . . . . . . . Recycling Units . | . . . . . . . Scanalyzers . | . . . . . . . Garrison Access 1 | . . . 1 . . . Total Hacks 7 | . . . 2 2 . 3 Successful 3 | . . . 1 1 . 1 Failed 4 | . . . 1 1 . 2 Catastrophic . | . . . . . . . Database Lockouts . | . . . . . . . Manual 1 | . . . . . . 1 Terminals 5 | . . . . 2 . 3 Fabricators . | . . . . . . . Repair Stations . | . . . . . . . Recycling Units . | . . . . . . . Scanalyzers . | . . . . . . . Garrison Access 2 | . . . 2 . . . Terminal Hacks 1 | . . . . 1 . . Emergency Access Points 1 | . . . . 1 . . Fabricator Hacks . | . . . . . . . Repair Station Hacks . | . . . . . . . Recycling Unit Hacks . | . . . . . . . Scanalyzer . | . . . . . . . Garrison Access Hacks 1 | . . . 1 . . . Unlock Access 1 | . . . 1 . . . Unauthorized Hacks 1 | . . . . . . 1 Terminals 1 | . . . . . . 1 Assimilate 1 | . . . . . . 1 Fabricators . | . . . . . . . Repair Stations . | . . . . . . . Recycling Units . | . . . . . . . Scanalyzers . | . . . . . . . Garrison Access . | . . . . . . . Data Cores Recovered . | . . . . . . . Used . | . . . . . . . Hacking Detections 4 | . . . 1 1 . 2 Full Trace Events . | . . . . . . . Feedback Events . | . . . . . . . Feedback Blocked . | . . . . . . . Robot Schematics Acquired . | . . . . . . . Robots Built . | . . . . . . . Authchips . | . . . . . . . Time . | . . . . . . . Total Robot Build Rating . | . . . . . . . Part Schematics Acquired . | . . . . . . . Parts Built . | . . . . . . . Authchips . | . . . . . . . Time . | . . . . . . . Total Part Build Rating . | . . . . . . . Part Studies Acquired . | . . . . . . . Parts Repaired . | . . . . . . . Time . | . . . . . . . Parts Recycled . | . . . . . . . Recycled Matter . | . . . . . . . Retrieved Matter . | . . . . . . . Retrieved Components . | . . . . . . . Parts Scanalyzed . | . . . . . . . Part Schematics Acquired . | . . . . . . . Parts Damaged . | . . . . . . . Bothacking | -11 -10 -9 -8 -8 -8 -8 ------------ Run | Yrd Mat Mat Mat Gar Mat Sto Used RIF Installer . | . . . . . . . Robots Hacked . | . . . . . . . Non-combat . | . . . . . . . Combat . | . . . . . . . Robot Hacks Applied . | . . . . . . . Relay Couplers Released . | . . . . . . . Fabnet Peak Effective % . | . . . . . . . Robots Rewired . | . . . . . . . Allies Hacked . | . . . . . . . Hacks Repelled . | . . . . . . . Allies | -11 -10 -9 -8 -8 -8 -8 -------- Run | Yrd Mat Mat Mat Gar Mat Sto Total Allies 1 | . . . . . . 1 Largest Group 1 | . . . . . . 1 Highest-Rated Group 10 | . . . . . . 10 Highest-Rated Ally 10 | . . . . . . 10 Total Orders . | . . . . . . . Ally Attacks . | . . . . . . . Total Damage . | . . . . . . . Kills . | . . . . . . . Allies Corrupted . | . . . . . . . Allies Melted . | . . . . . . . Intel | -11 -10 -9 -8 -8 -8 -8 ------- Run | Yrd Mat Mat Mat Gar Mat Sto Active Infowar (turns) . | . . . . . . . Robot Analysis Total . | . . . . . . . Derelict Logs Recovered . | . . . . . . . Drone Launches . | . . . . . . . Drone Recoveries . | . . . . . . . Exploration | -11 -10 -9 -8 -8 -8 -8 ------------- Run | Yrd Mat Mat Mat Gar Mat Sto Turns Passed 468 | 30 68 85 63 104 37 81 Spaces Moved 845 | 48 124 159 116 173 68 157 Core 841 | 45 124 159 116 172 68 157 Treads 4 | 3 . . . 1 . . Legs . | . . . . . . . Wheels . | . . . . . . . Hover . | . . . . . . . Flight . | . . . . . . . Fastest Speed 50 | 50 50 50 50 50 50 50 Average Speed 50 | 56 50 50 50 50 50 50 Slowest Speed 160 | 160 50 50 50 145 50 50 Overloaded Moves . | . . . . . . . Propulsion Burnouts . | . . . . . . . Robots Hopped . | . . . . . . . Potential Cave-ins . | . . . . . . . Cave-ins Triggered . | . . . . . . . Exploration Rate (%) 24 | 3 42 24 18 32 9 44 Regions Visited 6 Branch Regions 1 Pre-discovered Areas . | . . . . . . . Known Exits Taken 1 | . . . 1 . . . Unknown Exits Taken 4 | 1 1 1 . . 1 . Scrap Searched . | . . . . . . . Spaces Dug . | . . . . . . . Terrain Destroyed . | . . . . . . . Melee . | . . . . . . . Projectile . | . . . . . . . AOE . | . . . . . . . Terrain Rammed . | . . . . . . . Walls Destroyed . | . . . . . . . Machines Disabled . | . . . . . . . Actions | -11 -10 -9 -8 -8 -8 -8 --------- Run | Yrd Mat Mat Mat Gar Mat Sto Total 873 | 49 129 163 120 183 70 159 Wait 7 | . 5 2 . . . . Move 840 | 47 123 158 116 172 67 157 Hop . | . . . . . . . Pick Up 4 | . . 2 1 . 1 . Fast Attach 5 | 2 . 1 1 . 1 . Attach 1 | . . . . 1 . . Detach 1 | . . . . . 1 . Swap . | . . . . . . . Drop . | . . . . . . . Fire . | . . . . . . . Melee 3 | . . . . 3 . . Ram 7 | . 1 . 2 2 . 2 Kick . | . . . . . . . Crush . | . . . . . . . Escape Stasis 5 | . . . . 5 . . Rewire . | . . . . . . . Trap . | . . . . . . . Miscellaneous . | . . . . . . . Route ------- -11/Scrapyard -10/Materials -9/Materials -8/Materials -8/Garrison -8/Materials -8/Storage (discovered 1 exit: [*Fac]) History --------- Turn | Location | Event 11 | -11/Scrapyard | Discovered new exit (range 15) 31 | -11/Scrapyard | Entered Materials 97 | -10/Materials | Discovered new exit (range 6) 99 | -10/Materials | Entered another Materials area 99 | -9/Materials | Evolved 2 slots: Utility x2 175 | -9/Materials | Discovered new exit (range 13) 184 | -9/Materials | Entered another Materials area 184 | -8/Materials | Evolved 2 slots: Utility x2 247 | -8/Materials | Identified exit to Garrison 247 | -8/Materials | Entered Garrison 302 | -8/Garrison | Build established: Mutant 309 | -8/Garrison | Triggered checkpoint 323 | -8/Garrison | Core integrity fell below 50% 347 | -8/Garrison | Discovered new exit (range 10) 351 | -8/Garrison | Entered Materials 373 | -8/Materials | Core integrity fell below 20% 386 | -8/Materials | Discovered new exit (range 2) 388 | -8/Materials | Entered Storage 466 | -8/Storage | Discovered new exit (range 14) 469 | -8/Storage | Destroyed by G-50 Soldier with Heavy Laser Last Messages --------------- S009. 00416_ Connecting with Terminal... 00421_ Technician 3a reveals location of EMP Trap. 00427_ K-01 Serf collects debris. 00436_ Technician 3a reveals location of hidden door. 00436_ W-25 Informer sends out distress signal. 00441_ Slug penetrates Wall. 00443_ Slammed into R-06 Scavenger. 00443_ Imp. Targeting Computer destroyed. 00443_ System corrupted by crushing effect (+5). 00450_ Technician 3a reveals location of Explosive Trap. 00457_ Triggered Explosive Trap. 00457_ An explosion rips through the floor. 00457_ Technician 3a reveals location of hidden door. 00457_ K-01 Serf destroyed. 00458_ Technician 3a destroyed. 00465_ Slammed into G-50 Soldier. 00465_ Adv. Treads destroyed. 00466_ EXIT=FOUND 00469_ Critical hit (Burn: +37). Map ----- +----------------------------------------------------+ | | | | | | | | | | | | | | | ?????????????????????????????????? | | ?????????????????????????????????? | | ?????????????????????????????????? | | ?????????????????????????????????? | | ?????????????????????????????????? | | ?????????????????????????????????? | | ?????????????????????????????????? | | ?????????????????????????????????? | | ?????????????????????????????????? | | ???????????????????????#####?????? | | ???????????????????????# #?????? | | ???????????????????????# < #?????? | | ???????????????????????# #?????? | | ???????????????????????# #?????? | | ???????????????????????# #?????? | | ???????????????????????+ +?????? | | ???????????????????????# #?????? | | ???????????????????????# #?????? | | ???????????????????????# @ #?????? | | ???????????????????????# #?????? | | ???????????????######### #?????? | | ??????????????? * # #?????? | | ?????????????? # #?????? | | ?????????????? """ """ # #?????? | | ?????????????? """ """ # #?????? | | ?????????????# """ """%/gga; ????? | | ????????????## """ """ #gg #T#???? | | ????????????# """ """ # ###???? | | ?????????????# # #?????? | | ?????????????###"T"#+### #?????? | | ???????????????#"""# #?# #?????? | | ????????????????#??# #?# #?????? | | ??????????????######+### #?????? | | ??????????????# # #?????? | | ??????????????# """" # #??###? | | ??????????????# ????" # # | | ??????????????# ?????" % # | | ?????????????????????" ^# """ # | | ?????########???????" ""??? | | ?????# #??????" """ ? | | ?????#""" ##???? # =# ? | | ?????#""" #?? # /%# """ # | | ?????#""" #?########## !#?""" # | +----------------------------------------------------+ Best States ------------- Heat Dissipation 31 Energy Generation 5 Energy Capacity 100 Matter Stores 300 Matter Capacity 300 Sight Range 16 Terrain Scan Density 10 Evasion (%) 50 Targeting Accuracy 6 Recoil Reduction 2 Item Schematics ----------------- None Robot Schematics ------------------ None Fabricated ------------ Nothing Repaired ---------- Nothing Studied --------- None Alien Tech Used ----------------- None Achievements -------------- None Challenges ------------ None Game ------ Seed CannonHypertargetingArchive Manual? 0 Play Time 00:08:04 Cumulative 363.7 hours Start 2026.09.09 @ 23:47:48 End 2026.09.09 @ 23:56:11 Sessions 3 Manual Loads 0 Difficulty Rogue Special Mode None Game No. 151 Rogue 151 Adventurer 0 Explorer 0 Win Type - Total 37 Types 12/5/7/2/1/1/3/2/2/2 Lore% 85 Gallery% 80 Achievement% 76 Wizard Run 0 Options --------- Layout 0 ASCII 0 Keyboard 1 Movement Vi Keybinds 0 Fullscreen 2 Font 24/Smallcaps Map View 76x50 Zoom Use 0% Tactical HUD 1 Map Filters NONE Filters NONE Steam 1 RUN: ac4a5826-69b6-458b-bcec-4e1d2b4bd0a9